 Dungeon Crawl Stone Soup version 0.26.0-90-g5fd8617961 (webtiles) character file.

Game seed: 17301269772002872546

53 hatsuma the Vexing (level 3, -7/16 HPs)
             Began as a Felid Enchanter on Feb 2, 2021.
             Mangled by an ogre
             ... wielding a +0 giant spiked club
              (23 damage)
             ... on level 2 of the Dungeon.
             The game lasted 00:11:18 (2142 turns).

hatsuma the Vexing (Felid Enchanter)                Turns: 2142, Time: 00:11:19

Health: -7/16      AC:  1    Str:  4    XL:     3   Next: 64%
Magic:  1/7        EV: 19    Int: 17    God:
Gold:   105        SH:  0    Dex: 16    Spells: 3/6 levels left
                                        Lives:  0   Deaths: 0

rFire    . . .     SeeInvis +     - Unarmed
rCold    . . .     Faith    .   (shield unavailable)
rNeg     . . .     Spirit   .   (armour unavailable)
rPois    .         Reflect  .   (helmet unavailable)
rElec    .         Harm     .   (cloak unavailable)
rCorr    .         Rampage  .   (gloves unavailable)
Will     .....                  (boots unavailable)
Stlth    +++.......             (no amulet)
HPRegen  0.05/turn              (no ring)
MPRegen  0.10/turn              (no ring)

@: quick
A: very small, no armour, no weapons or thrown items, stealth, claws 1, fangs 3,
see invisible, speed 1, shaggy fur 1, sharp paws
a: no special abilities


You were on level 2 of the Dungeon.
You visited 1 branch of the dungeon, and saw 2 of its levels.

You collected 105 gold pieces.

Inventory:

Scrolls
 b - a scroll of blinking {unknown}
 c - a scroll of enchant weapon {unknown}
 d - a scroll of random uselessness {unknown}
 g - a scroll of fog {unknown}
 h - a scroll of immolation {unknown}
 j - a scroll of remove curse {unknown}
Potions
 a - a potion of might {unknown}
 e - a potion of flight {unknown}
 f - a potion of curing {unknown}
 i - a potion of haste {unknown}
 k - a potion of heal wounds {unknown}


   Skills:
 - Level 2.1 Fighting
 - Level 4.0 Dodging
 - Level 4.0 Stealth
 + Level 1.6 Unarmed Combat
 - Level 2.0 Spellcasting
 - Level 4.4 Hexes


You had 3 spell levels left.
You knew the following spells:

 Your Spells              Type           Power        Failure   Level
a - Corona                Hex            17%          3%          1
b - Ensorcelled Hibernat  Hex/Ice        18%          12%         2

Your spell library contained the following spells:

 Spells                   Type           Power        Failure   Level
 Confusing Touch          Hex            16%          10%         3
 Tukima's Dance           Hex            16%          10%         3
 Dazzling Flash           Conj/Hex       18%          24%         3


Dungeon Overview and Level Annotations

Branches:
Dungeon (2/15)

Altars:


Innate Abilities, Weirdness & Mutations

You cannot wear armour.
You are incapable of wielding weapons or throwing items.
Your paws allow you to move quietly. (Stealth)
You have sharp claws.
You have razor-sharp teeth.
You have supernaturally acute eyesight. (SInv)
You cover ground quickly.
You are covered in fur. (AC +1)
Your sharp claws are effective at attacking unaware monsters.


Message History

Aim: an ogre, wielding a +0 giant spiked club (heavily wounded, not susceptible)
The ogre is unaffected.
Casting: Ensorcelled Hibernation (safe; 12% risk of failure)
Confirm with . or Enter, or press ? or * to list all spells.
Aiming: Ensorcelled Hibernation (safe; 12% risk of failure)
Press: ? - help, Shift-Dir - straight line, f/p - ogre
Aim: an ogre, wielding a +0 giant spiked club (heavily wounded, chance to affect: 40%)
The ogre resists with some effort.
Casting: Ensorcelled Hibernation (safe; 12% risk of failure)
Confirm with . or Enter, or press ? or * to list all spells.
Aiming: Ensorcelled Hibernation (safe; 12% risk of failure)
Press: ? - help, Shift-Dir - straight line, f/p - ogre
Aim: an ogre, wielding a +0 giant spiked club (heavily wounded, chance to affect: 40%)
The ogre looks drowsy...
You pounce on the unaware helpless ogre!
You claw the ogre!
The ogre is almost dead.
The ogre hits you with a +0 giant spiked club!!
Ouch! That really hurt!
You die...

#.#.#.#...... #####
#.#.#.#.##### #...#
#J#.#.#'#####
#...##########.#.#......##
#......lJ......#.#......##
#.##############.#......## #.#
#...........#......## #.#
#.######.####.#+##### #J#
#.#.@.†.............. #l#
#.#O######..#.#.#.... #.#
#...........#.#.#.### #†#
#.#...........#.#.###
#######.######.................#
#.................)..........###
###.###.######.#########.##..#..
#)# ##.#######.......#.# #.#
#..........#.###.#.#


You could see an ogre.

Vanquished Creatures
  2 adders (D:2)
  A worm (D:2)
  2 dart slugs
  A giant cockroach (D:2)
  A goblin (D:2)
  2 hobgoblins (D:1)
  2 jackals (D:1)
  5 kobolds
  A ball python (D:2)
  5 bats
  6 frilled lizards
  4 rats
32 creatures vanquished.

Notes
Turn   | Place    | Note
-------+----------+-------------------------------------------
     0 | D:1      | hatsuma the Felid Enchanter began the quest for the Orb.
     0 | D:1      | Reached XP level 1. HP: 7/7 MP: 4/4
   587 | D:1      | Reached XP level 2. HP: 11/11 MP: 6/6
   669 | D:1      | Learned a level 2 spell: Ensorcelled Hibernation
  1490 | D:2      | Reached skill level 1 in Fighting
  1777 | D:2      | Reached XP level 3. HP: 13/15 MP: 4/7
  2118 | D:2      | Noticed an ogre
  2142 | D:2      | Mangled by an ogre

Illustrated notes

Levels and vault maps discovered:
D:1:      tarquinn_simple_flora_water_d, layout_basic
D:2:      layout_basic

Skill      XL: |  1  2  3 |
---------------+----------+-----
Dodging        | 3 4 |  4.0
Fighting       | 1 2 |  2.1
Stealth        | |  4.0
Unarmed Combat | |  1.6
Spellcasting   | |  2.0
Hexes          | |  4.4

Action                   || total
-------------------------++-------
Melee: Unarmed           ||    83
       Bite              ||     4
 Cast: Corona            ||     3
       Ensorcelled Hiber ||    15
 Stab: Sleeping          ||    21
Armor: Skin              ||     4
Dodge: Dodged            ||    62
